 Dungeon Sprint DCSS version 0.31-a0-7-g51783674b7 (webtiles) character file.

Game seed: 12194496647583722348

5723 rocky1 the Thaumaturge (level 10, 0/63 HPs)
             Began as a Deep Elf Earth Elementalist on May 6, 2023.
             Was a High Priest of Sif Muna.
             Killed by divine providence
             ... invoked by an orc priest
             ... led by an orc knight
              (8 damage)
             ... in the Dungeon (Sprint VII: "The Pits").
             The game lasted 00:14:52 (2968 turns).

rocky1 the Thaumaturge (DEEE)                       Turns: 2968, Time: 00:14:52

Health: 0/63       AC:  8    Str:  8    XL:     10   Next: 48%
Magic:  25/27      EV: 20    Int: 25    God:    Sif Muna [*****.]
Gold:   0          SH:  0    Dex: 15    Spells: 18/32 levels left

rFire   . . .        p - +2 scimitar (flame)
rCold   . . .        (no shield)
rNeg    . . .        d - +0 steam dragon scales
rPois   .            n - +0 helmet
rElec   .            (no cloak)
rCorr   .            (no gloves)
SInv    .            o - +0 pair of boots
Will    +....        (no amulet)
Stlth   ++++         e - +3 ring of evasion
HPRegen 0.30/turn    g - +3 ring of strength
MPRegen 0.20/turn

%: no teleportation
@: slowed, very slow
A: no striking features
a: Renounce Religion, Channel Magic, Forget Spell, Divine Exegesis


You were in the Dungeon.
You worshipped Sif Muna.
Sif Muna was extremely pleased with you.
You visited 1 branch

Inventory:

Hand Weapons
 k - a +0 long sword of holy wrath
 p - a +2 scimitar of flaming (weapon)
 q - a +0 lajatang
Armour
 a - a +0 robe
 d - +0 steam dragon scales (worn)
 n - a +0 helmet (worn)
 o - a +0 pair of boots (worn)
Jewellery
 e - a +3 ring of evasion (left hand)
 g - a +3 ring of strength (right hand)
Scrolls
 i - 5 scrolls of amnesia
Potions
 b - 2 potions of magic
 c - 7 potions of curing
 f - 4 potions of berserk rage
 h - a potion of might
 j - a potion of heal wounds
 l - a potion of resistance
 m - a potion of mutation


   Skills:
 + Level 7.1 Fighting
 - Level 3.2 Armour
 - Level 10.3 Dodging
 - Level 10.0 Stealth
 + Level 11.5 Spellcasting
 + Level 9.5 Conjurations
 - Level 1.1 Transmutations
 + Level 9.3 Fire Magic
 + Level 8.5 Air Magic
 + Level 10.1 Earth Magic
 + Level 9.3 Invocations


You had 18 spell levels left.
You knew the following spells:

 Your Spells              Type           Power      Damage    Failure   Level
a - Sandblast             Erth           100%       2d20      1%          1
b - Stone Arrow           Conj/Erth      100%       3d13      1%          3
c - Scorch                Fire           100%       2d9       1%          2
d - Flame Wave            Conj/Fire      57%        2d14      1%          4
e - Iskenderun's Mystic   Conj/Tloc      38%        2d9       6%          4

Your spell library contained the following spells:

 Spells                   Type           Power      Damage    Failure   Level
 Foxfire                  Conj/Fire      100%       2x1d9     1%          1
 Cigotuvi's Dreadful Rot  Necr/Pois/Air  56%        N/A       1%          2
 Passwall                 Tmut/Erth      35%        N/A       1%          2
 Poisonous Vapours        Pois/Air       70%        N/A       1%          2
 Static Discharge         Conj/Air       100%       2-7/arc   1%          2
 Dazzling Flash           Conj/Hex       76%        N/A       1%          3
 Swiftness                Air            54%        N/A       1%          3
 Volatile Blastmotes      Fire/Tloc      74%        2d16      1%          3
 Airstrike                Air            27%        2d(4-20)  1%          4
 Sticky Flame             Conj/Fire      57%        2d7       1%          4
 Arcjolt                  Conj/Air       28%        1d38      2%          5
 Petrify                  Tmut/Erth      42%        N/A       4%          4
 Animate Armour           Summ/Erth      78%        N/A       5%          4
 Starburst                Conj/Fire      28%        6d9       14%         6
 Dispel Undead            Necr           14%        3d10      38%         4
 Death Channel            Necr           7%         N/A       100%        6
 Maxwell's Capacitive Co  Air            27%        ∞         100%        8
 Fire Storm               Conj/Fire      28%        8d7       100%        9
 Shatter                  Erth           30%        3d25*     100%        9


Dungeon Overview and Level Annotations

Branches:
Dungeon (1/1)

Altars:
Ashenzari
Cheibriados
Dithmenos
Elyvilon
Fedhas
Gozag
Hepliaklqana
Kikubaaqudgha
Makhleb
Nemelex Xobeh
Okawaru
Qazlal
Ru
Sif Muna
Trog
Uskayaw
Vehumet
Wu Jian
Xom
Yredelemnul
Zin
The Shining One
Jiyva
Lugonu


Message History

You hear a shout!
Aiming: Stone Arrow (safe; 1% risk of failure)
Press: ? - help, Q - select action, (/) - cycle Shift-Dir - straight line, f/p - orc knight
Aim: an orc knight, wielding a +0 battleaxe and wearing a +0 plate armour (heavily wounded, 78% to hit)
The stone arrow misses the orc knight.
The orc knight hits you with a +0 battleaxe!
Something hits you!!
* * * LOW HITPOINT WARNING * * *
Okay, then.
You feel much better. The orc knight completely misses you. Something hits you!
Something drains your vigour!
You feel as though you will be slow longer.
Something hits you but does no damage. The orc knight closely misses you.
The orc sorcerer mumbles some strange words.
The orc warrior shouts!
Unknown command.
Aiming: Stone Arrow (safe; 1% risk of failure)
Press: ? - help, Q - select action, (/) - cycle Shift-Dir - straight line, p - orc knight The gnoll shouts!
You feel less invigorated.
The orc knight hits you with a +0 battleaxe.
* * * LOW HITPOINT WARNING * * *
Something hits you.
* * * LOW HITPOINT WARNING * * *
Something drains your vigour!
You feel as though you will be slow longer.
Aiming: Stone Arrow (safe; 1% risk of failure)
Press: ? - help, Q - select action, (/) - cycle Shift-Dir - straight line The stone arrow hits something!!
The orc priest miscasts a cantrip.
The orc knight barely misses you. Something barely misses you.
Something hits you.
* * * LOW HITPOINT WARNING * * *
Something drains your vigour!
You feel as though you will be slow longer.
The orc priest closely misses you. The orc knight misses you.
The orc sorcerer misses you.
The orc priest invokes the aid of Beogh against you.
Beogh smites you!
You die...

############ #_________.#
#_________.#
#_______...###########++#####
##########'##................
#.?(.')))'.##...o..#..#......
##########.##oo..............
#..........{@o3g.............
#'#####'#####o.....#..#......
#.#[[#.....##................
#.#))#####'#####'#####++#####
#.#.)#.....##....)..##++#####
#.#))#.....##.......##......#
#.#..###'####.......##......#
#)##'#.....##...<...###....##
#)#........##.......# ##++##


You could see an orc knight, a neqoxec (summoned), an orc sorcerer (strong), an
orc warrior, 2 orc priests and a gnoll.

Vanquished Creatures
  A lindwurm (D)
  A deep elf pyromancer (D)
  A bog body (D)
  A deep elf zephyrmancer (D)
  A smoke demon (D)
  An unseen horror (D)
  A tyrant leech (D)
  A snapping turtle (D)
  A tarantella (D)
  2 hornets (D)
  A jumping spider (D)
  A spriggan (D)
  A shadow (D)
  2 steam dragons (D)
  4 vampire mosquitoes (D)
  A warg (D)
  A floating eye (D)
  A swamp drake (D)
  A sky beast (D)
  An ogre (D)
  2 wolves (D)
  An earth elemental (D)
  A necrophage (D)
  2 gnoll sergeants (D)
  A small abomination (D)
  A jelly (D)
  An orc priest (D)
  A hound (D)
  2 gnoll boudas (D)
  An iron imp (D)
  A hell rat (D)
  An adder (D)
  10 gnolls (D)
  A worm (D)
  4 orcs (D)
  A ball python (D)
  An endoplasm (D)
  2 jackals (D)
  2 frilled lizards (D)
  A quokka zombie (D)
  2 rats (D)
64 creatures vanquished.

Notes
Turn   | Place    | Note
-------+----------+-------------------------------------------
     0 | D        | rocky1 the Deep Elf Earth Elementalist began the quest for
                  | the Orb.
     0 | D        | Reached XP level 1. HP: 10/10 MP: 6/6
    18 | D        | Found a bloodstained altar of Trog.
    18 | D        | Found a shimmering blue altar of Sif Muna.
    18 | D        | Found a viscous altar of Jiyva.
    18 | D        | Found a hazy altar of Hepliaklqana.
    18 | D        | Found an opulent altar of Gozag.
    19 | D        | Found a glowing golden altar of the Shining One.
    19 | D        | Found a glowing silver altar of Zin.
    19 | D        | Found a basalt altar of Yredelemnul.
    19 | D        | Found a shimmering altar of Xom.
    19 | D        | Found an ornate altar of the Wu Jian Council.
    19 | D        | Found a sacrificial altar of Ru.
    19 | D        | Found a stormy altar of Qazlal.
    19 | D        | Found an iron altar of Okawaru.
    19 | D        | Found a sparkling altar of Nemelex Xobeh.
    19 | D        | Found a burning altar of Makhleb.
    19 | D        | Found a blossoming altar of Fedhas.
    19 | D        | Found a white marble altar of Elyvilon.
    19 | D        | Found a shadowy altar of Dithmenos.
    19 | D        | Found a snail-covered altar of Cheibriados.
    22 | D        | Found a corrupted altar of Lugonu.
    22 | D        | Found a radiant altar of Vehumet.
    23 | D        | Found an ancient bone altar of Kikubaaqudgha.
    23 | D        | Found a hide-covered altar of Uskayaw.
    23 | D        | Found a broken altar of Ashenzari.
    24 | D        | Became a worshipper of Sif Muna the Loreminder
    59 | D        | Reached skill level 1 in Conjurations
    66 | D        | Reached * piety under Sif Muna
    67 | D        | Noticed a floating eye
    99 | D        | Killed a floating eye
   100 | D        | Reached skill level 4 in Spellcasting
   100 | D        | Reached XP level 2. HP: 17/17 MP: 3/9
   100 | D        | Reached XP level 3. HP: 21/21 MP: 3/11
   100 | D        | Reached XP level 4. HP: 26/26 MP: 3/12
   373 | D        | Reached ** piety under Sif Muna
   374 | D        | Reached skill level 5 in Spellcasting
   374 | D        | Reached skill level 5 in Earth Magic
   382 | D        | Reached skill level 5 in Stealth
   382 | D        | Reached XP level 5. HP: 31/31 MP: 8/14
   566 | D        | Learned a level 3 spell: Stone Arrow
   574 | D        | Reached *** piety under Sif Muna
   579 | D        | Reached skill level 5 in Dodging
   582 | D        | Reached **** piety under Sif Muna
   586 | D        | Noticed a sky beast
   587 | D        | Reached skill level 6 in Spellcasting
   588 | D        | Reached XP level 6. HP: 29/37 MP: 11/17
   589 | D        | Reached ***** piety under Sif Muna
   589 | D        | Received a gift from Sif Muna
   596 | D        | Killed a sky beast
   597 | D        | Reached skill level 5 in Conjurations
   696 | D        | Reached skill level 5 in Invocations
   871 | D        | Received a gift from Sif Muna
   872 | D        | Reached skill level 7 in Spellcasting
   872 | D        | Reached skill level 5 in Fire Magic
   872 | D        | Reached XP level 7. HP: 43/43 MP: 14/19
   872 | D        | Got Sif Muna's Almanac of the Heated Xenolith {god gift}
   876 | D        | Learned a level 2 spell: Scorch
   881 | D        | Learned a level 4 spell: Flame Wave
   904 | D        | Noticed a tarantella
   906 | D        | Killed a tarantella
   907 | D        | Reached skill level 5 in Air Magic
  1057 | D        | Reached skill level 8 in Spellcasting
  1373 | D        | Noticed a vampire mosquito
  1373 | D        | Noticed a vampire mosquito
  1373 | D        | Noticed a vampire mosquito
  1373 | D        | Noticed a vampire mosquito
  1432 | D        | Noticed a smoke demon
  1449 | D        | Killed a smoke demon
  1450 | D        | Reached skill level 5 in Fighting
  1450 | D        | Reached XP level 8. HP: 26/49 MP: 14/22
  1455 | D        | Killed an unseen horror
  1594 | D        | Noticed a snapping turtle
  1594 | D        | Noticed a deep elf zephyrmancer
  1594 | D        | Noticed a bog body
  1606 | D        | Killed a deep elf zephyrmancer
  1606 | D        | Received a gift from Sif Muna
  1607 | D        | Reached skill level 9 in Spellcasting
  1613 | D        | Killed a snapping turtle
  1614 | D        | Reached XP level 9. HP: 55/55 MP: 17/24
  1615 | D        | Killed a bog body
  1620 | D        | Got Baomy's Lessons on Exothermic Clouds {god gift}
  1639 | D        | Reached skill level 10 in Stealth
  1639 | D        | Reached skill level 10 in Spellcasting
  1919 | D        | Received a gift from Sif Muna
  1972 | D        | Learned a level 4 spell: Iskenderun's Mystic Blast
  2015 | D        | Reached skill level 1 in Armour
  2020 | D        | Reached ****** piety under Sif Muna
  2222 | D        | Noticed a tyrant leech
  2222 | D        | Noticed a lindwurm
  2222 | D        | Noticed a deep elf pyromancer
  2251 | D        | Killed a lindwurm
  2259 | D        | Reached XP level 10. HP: 25/61 MP: 9/26
  2397 | D        | Killed a deep elf pyromancer
  2397 | D        | Received a gift from Sif Muna
  2409 | D        | Reached skill level 10 in Dodging
  2409 | D        | Reached skill level 11 in Spellcasting
  2414 | D        | Noticed a spriggan rider
  2414 | D        | Noticed an orc sorcerer
  2415 | D        | Noticed an orc knight
  2595 | D        | HP: 3/61 [vampire mosquito (9)]
  2920 | D        | Received a gift from Sif Muna
  2921 | D        | Reached skill level 10 in Earth Magic
  2921 | D        | Got Sif Muna's Elucidation of the Birds {god gift}
  2968 | D        | Killed from afar by an orc priest

Illustrated notes

Levels and vault maps discovered:
D:        pitsprint [storerooms_1, entrance_room_1, metal_vault_2, armoury_1,
          mini_pit_1, grid_room_1, main_hall_1, silver_pit, the_coven_3,
          the_vestibule_1, steel_vault_4, golden_pit, hallway_of_sentries,
          crystal_vault_3, iron_vault_5, final_vault]

Skill      XL: |  1  2  3  4  5  6  7  8  9 10 |
---------------+-------------------------------+-----
Conjurations   | 3 4 5 6 7 8 9 |  9.5
Fighting       | 2 3 4 5 6 7 |  7.1
Dodging        | 4 5 6 7 8 9 10 | 10.3
Stealth        | 4 5 6 7 8 9 10 | 10.0
Spellcasting   | 4 5 6 7 8 9 10 11 | 11.5
Fire Magic     | 2 3 4 5 6 7 8 9 |  9.3
Air Magic      | 2 3 4 5 6 7 8 |  8.5
Earth Magic    | 4 5 6 7 8 9 10 | 10.1
Invocations    | 2 3 4 5 6 7 8 9 |  9.3
Armour         | 2 3 |  3.2
Transmutations | |  1.1

Action                     |  1- 3 |  4- 6 |  7- 9 | 10-12 || total
---------------------------+-------+-------+-------+-------++-------
   Cast: Sandblast         |     8 |    25 |     1 |       ||    34
         Stone Arrow       |       |     7 |    50 |    28 ||    85
         Starburst         |       |       |       |     2 ||     2
         Shatter           |       |       |       |     1 ||     1
 Invoke: Channel Magic     |       |       |     2 |     2 ||     4
         Divine Exegesis   |       |       |       |     3 ||     3
    Use: Potion            |       |     2 |     8 |     5 ||    15
         Scroll            |       |       |       |     2 ||     2
 Armour: Robe              |       |     1 |     5 |       ||     6
         Steam dragon scal |       |       |     1 |     5 ||     6
  Dodge: Dodged            |       |     4 |    22 |    28 ||    54

Table legend: (Time is in decaauts)
 A = Elapsed time spent in this place.
 B = Non-inter-level travel time spent in this place.
 C = Inter-level travel time spent in this place.
 D = Time resting spent in this place.
 E = Time spent auto-exploring this place.
 F = Levels seen in this place.
 G = Mean time per level.
                   A        B        C        D        E       F      G
               +--------+--------+--------+--------+--------+-----+--------+
         Total |   2966 |   2934 |     32 |   2185 |      0 |   1 | 2966.0 |
       Dungeon |   2966 |   2934 |     32 |   2185 |      0 |   1 | 2966.0 |
               +--------+--------+--------+--------+--------+-----+--------+

Top non-repeatable levels by time:
       D: 2966 daAuts
